 Dungeon Crawl Stone Soup version 0.31-a0-675-g238779eb0a (webtiles) character file.

Game seed: 3709817644203739622

8788 qw the Skirmisher (level 11, 0/71 HPs)
             Began as a Gargoyle Hunter on Sept 5, 2023.
             Was a Believer of Okawaru.
             Slain by a minotaur
             ... wielding a +3 great sword of flaming
              (6 damage)
             ... in a Gauntlet.
             The game lasted 00:04:30 (8109 turns).

qw the Skirmisher (Gargoyle Hunter)                 Turns: 8109, Time: 00:04:30

Health: 0/71       AC: 19    Str: 15    XL:     11   Next: 36%
Magic:  13/14      EV: 25    Int: 10    God:    Okawaru [**....]
Gold:   215        SH:  0    Dex: 23    Spells: 10/10 levels left

rFire   . . .        Y - +0 orcbow
rCold   . . .        (shield currently unavailable)
rNeg    + . .        a - +0 steam dragon scales
rPois   inf          l - +0 helmet
rElec   +            h - +2 cloak {Stlth+}
rCorr   .            (no gloves)
SInv    .            (no boots)
Will    .....        q - amulet of faith
Stlth   +++++        e - +6 ring of dexterity
HPRegen 0.31/turn    b - +5 ring of evasion
MPRegen 0.14/turn

%: no teleportation, clarity, faith
@: heroic
A: sickness immunity, AC +8, negative energy resistance 1, electricity
resistance, torment resistance 1, petrification resistance, clarity, wild magic
1, MP-powered wands
a: Renounce Religion, Heroism


You were in a Gauntlet.
You worshipped Okawaru.
Okawaru was pleased with you.
You visited 2 branches of the dungeon, and saw 11 of its levels.
You also visited: Ossuary and Gauntlet.

You collected 575 gold pieces.
You spent 360 gold pieces at shops.


Innate Abilities, Weirdness & Mutations

You are immune to sickness and miasma.
Your stone body is resilient. (AC +8)
You are immune to poison.
You resist negative energy. (rN+)
You are resistant to electric shocks. (rElec)
You are resistant to unholy torment.
You are immune to petrification.
You possess an exceptional clarity of mind.
Your spells are a little harder to cast, but a little more powerful.
You expend magic power (3 MP) to strengthen your wands.


   Skills:
 - Level 9.0(14.0) Fighting
 + Level 13.7(18.7) Ranged Weapons
 - Level 4.1(9.1) Armour
 - Level 5.1(10.1) Dodging
 - Level 1.1(6.1) Stealth
 - Level 4.1 Invocations


You had 10 spell levels left.
You didn't know any spells.
Your spell library was empty.

Inventory:

Hand Weapons
 Y - a +0 orcbow (weapon)
Armour
 a - +0 steam dragon scales (worn)
 h - a +2 cloak of stealth (worn)
 l - a +0 helmet (worn)
Jewellery
 b - a +5 ring of evasion (right hand)
 e - a +6 ring of dexterity (left hand)
 g - a ring of protection from fire
 q - an amulet of faith (around neck)
 s - an amulet of reflection
Scrolls
 o - a scroll of identify
 r - a scroll of teleportation
Potions
 f - 2 potions of might
 i - 2 potions of mutation
 j - 3 potions of haste
 k - a potion of resistance
 n - 4 potions of curing
 t - a potion of enlightenment

Dungeon Overview and Level Annotations

Branches:
Dungeon (11/15)            Temple (1/1) D:6         Ossuary (visited)
Gauntlet (1/1)
   Lair: D:8-11         Orc: D:9-12

Altars:
Ashenzari
Cheibriados
Dithmenos
Elyvilon
Fedhas
Gozag
Hepliaklqana
Kikubaaqudgha
Makhleb
Nemelex Xobeh
Okawaru
Qazlal
Ru
Sif Muna
Trog
Uskayaw
Vehumet
Wu Jian
Xom
Yredelemnul
Zin

Shops:
D:1 [   D:8 !

Annotations:
D:4 1 runed translucent door, Crazy Yiuf Gauntlet 8 transporters


Message History

Partly explored, unvisited transporter.
You enter the transporter and appear at another place.
You open the door.
A minotaur comes into view.
It is wielding a +3 great sword of flaming.
Found a gnarled runed staff.
Found a gate leading back out of this place.
8101 ||| INVOKING Heroism.
You gain the combat prowess of a mighty hero.
You shoot an arrow. The minotaur bellows!
The arrow hits the minotaur.
The minotaur is lightly wounded.
The minotaur misses you. The minotaur gores you!
You shoot an arrow. The arrow hits the minotaur!
The minotaur is moderately wounded.
The minotaur hits you with a +3 great sword of flaming!
The minotaur burns you. The minotaur completely misses you.
You shoot an arrow.
The arrow hits the minotaur but does no damage.
The minotaur is moderately wounded.
You shoot an arrow.
The arrow hits the minotaur but does no damage.
The minotaur is moderately wounded.
The minotaur hits you but does no damage.
The minotaur gores you but does no damage.
You shoot an arrow.
The arrow hits the minotaur but does no damage.
The minotaur is moderately wounded.
The minotaur misses you. The minotaur gores you!
You shoot an arrow. The arrow hits the minotaur!!
The minotaur is heavily wounded.
You shoot an arrow.
The arrow hits the minotaur but does no damage.
The minotaur is heavily wounded.
The minotaur hits you with a +3 great sword of flaming!!
The minotaur burns you. The minotaur misses you.
You shoot an arrow. The arrow hits the minotaur!
The minotaur is severely wounded.
The minotaur hits you with a +3 great sword of flaming.
You die...

###### #.##.### ###.....#
#\##.##.# #.##.##.## #.#......#
#.#.##.### ##.###H#.##.###
.......@......# #.##.##.##.##.#
##.##.##.##.# ............#
#.##.##.##.## #.##.##.##.##.#
#.............# #...^.^.^...##
###########..8.8.8..#############


You could see a minotaur.

Vanquished Creatures
  A great orb of eyes (Gauntlet)
  2 two-headed ogres (D:11)
  An ugly thing (Gauntlet)
  Maurice (D:9)
  A troll (D:9)
  A tyrant leech (Gauntlet)
  Prince Ribbit (D:5)
  5 yaks (D:8)
  2 steam dragons
  2 swamp worms (Gauntlet)
  2 water moccasins
  3 orc warriors
  An ice beast (D:7)
  A black bear (D:6)
  3 ogres
  A centaur (D:5)
  3 wolves (D:9)
  3 phantoms
  3 elf zombies (Ossuary)
  6 bullfrogs
  2 kobold brigands (D:7)
  A gnoll sergeant (D:5)
  4 scorpions
  3 wights (D:7)
  2 electric eels (D:8)
  A crimson imp (D:8)
  4 centaur zombies (Ossuary)
  7 hounds
  5 orc priests
  5 human zombies (Ossuary)
  A gnoll bouda (D:6)
  A jelly (D:8)
  4 sleepcaps
  4 iguanas
  12 orc wizards
  3 mummies (Ossuary)
  Robin (D:4)
  7 gnolls
  4 river rats (D:3)
  11 adders
  A shadow imp (D:6)
  2 white imps
  An ufetubus (D:4)
  A worm (D:3)
  5 dart slugs
  36 orcs
  6 ball pythons
  4 endoplasms
  2 giant cockroaches
  14 goblins
  12 hobgoblins
  9 jackals (D:3)
  2 quokkas
  4 bats (D:1)
  3 frilled lizards (D:2)
  13 kobolds
  7 rats
247 creatures vanquished.

Notes
Turn   | Place    | Note
-------+----------+-------------------------------------------
     0 | D:1      | qw the Gargoyle Hunter began the quest for the Orb.
     0 | D:1      | Reached XP level 1. HP: 12/12 MP: 1/1
     0 | D:1      | 0 ||| qw: Version: 0.3-a-75-g829b12e
     0 | D:1      | 0 ||| qw: Game counter: 182
     0 | D:1      | 0 ||| qw: Melee chars always use a shield: true
     0 | D:1      | 0 ||| qw: God list: Okawaru
     0 | D:1      | 0 ||| qw: Allow faded altars: false
     0 | D:1      | 0 ||| qw: Do Orc after clearing Dungeon:15 true
     0 | D:1      | 0 ||| qw: Do second Lair branch before Depths: true
     0 | D:1      | 0 ||| qw: Lair rune preference: random
     0 | D:1      | 0 ||| qw: Goals: Normal
     0 | D:1      | 0 ||| PLANNING D:1-11
   580 | D:1      | Reached XP level 2. HP: 17/17 MP: 2/2
   853 | D:1      | Found Umod's Armour Emporium.
   862 | D:1      | 862 ||| SHOPLISTING +0 helmet (54 gold, have 23).
   862 | D:1      | 862 ||| SHOPLISTING +0 pair of gloves (54 gold, have 23).
   862 | D:1      | 862 ||| SHOPLISTING +0 troll leather armour (180 gold, have
                  | 23).
  1049 | D:1      | 1049 ||| UPGRADING to +0 ring mail.
  1059 | D:1      | 1059 ||| DROPPING +0 leather armour.
  1060 | D:1      | 1060 ||| UPGRADING to ring of protection from fire.
  1061 | D:1      | 1061 ||| READING scroll labelled YLAKEA VIKAN.
  1062 | D:1      | 1062 ||| READING scroll labelled LOPIWNORUE.
  1063 | D:1      | 1063 ||| DROPPING scroll of butterflies.
  1121 | D:2      | Reached skill level 1 in Armour
  1121 | D:2      | Reached XP level 3. HP: 21/21 MP: 3/3
  1365 | D:2      | Reached skill level 5 in Ranged Weapons
  1572 | D:2      | 1572 ||| UPGRADING to +4 ring of protection.
  1573 | D:2      | 1573 ||| UPGRADING to +5 ring of evasion.
  1575 | D:2      | 1575 ||| READING scroll labelled VAIPRI AXKUATI.
  1576 | D:2      | 1576 ||| READING scroll labelled FAFIR ANNUTAOD.
  1577 | D:2      | 1577 ||| DRINKING 2 bubbling dark potions.
  1577 | D:2      | Gained mutation: You expend magic power (3 MP) to
                  | strengthen your wands. [potion of mutation]
  1577 | D:2      | Gained mutation: You possess an exceptional clarity of
                  | mind. [potion of mutation]
  1577 | D:2      | Gained mutation: Your spells are a little harder to cast,
                  | but a little more powerful. [potion of mutation]
  1598 | D:3      | 1598 ||| PLANNING SEWER
  1602 | D:3      | Found a blossoming altar of Fedhas.
  1630 | D:3      | Found a stormy altar of Qazlal.
  1644 | D:3      | Reached XP level 4. HP: 27/27 MP: 4/4
  1695 | D:3      | Found a glowing silver altar of Zin.
  1827 | D:3      | Reached skill level 3 in Fighting
  2061 | D:3      | Reached XP level 5. HP: 32/32 MP: 5/5
  2077 | D:3      | Identified the +6 quarterstaff of Teheef {elec, Str+6}
  2219 | D:3      | Found a glowing drain.
  2231 | D:3      | 2231 ||| UPGRADING to +0 cloak.
  2236 | D:3      | 2236 ||| UPGRADING to amulet of reflection.
  2241 | D:3      | 2241 ||| READING 3 scrolls labelled PUNLIRRAOM.
  2242 | D:3      | 2242 ||| READING scroll labelled WIECUY ADDOL.
  2243 | D:3      | 2243 ||| READING 2 scrolls labelled FIXTYR MEAMI.
  2246 | D:3      | 2246 ||| READING scroll labelled WITYORI OQUNO.
  2247 | D:3      | 2247 ||| DRINKING 2 silvery potions.
  2247 | D:3      | 2247 ||| RIP SEWER
  2248 | D:3      | 2248 ||| PLANNING D:1-11
  2270 | D:3      | Reached skill level 6 in Ranged Weapons
  2289 | D:3      | 2289 ||| DROPPING 2 scrolls of immolation.
  2306 | D:4      | Noticed an ogre
  2317 | D:4      | Killed an ogre
  2318 | D:4      | Reached XP level 6. HP: 39/39 MP: 6/6
  2352 | D:4      | Noticed Robin
  2367 | D:4      | Killed Robin
  2544 | D:4      | 2544 ||| Stepping ~*~*~tactically~*~*~ (outnumbered).
  2565 | D:4      | Reached skill level 7 in Ranged Weapons
  2572 | D:4      | Reached XP level 7. HP: 35/44 MP: 7/7
  2851 | D:4      | Found a runed translucent door.
  2852 | D:4      | Noticed Crazy Yiuf
  2855 | D:4      | 2855 ||| UPGRADING to +0 helmet.
  2860 | D:4      | 2860 ||| UPGRADING to amulet of faith.
  2870 | D:4      | 2870 ||| READING scroll labelled KIZOWO MOUMMU.
  2871 | D:4      | 2871 ||| DRINKING 2 metallic yellow potions.
  2886 | D:5      | Entered Level 5 of the Dungeon
  2887 | D:5      | Noticed Prince Ribbit
  2897 | D:5      | Killed Prince Ribbit
  2953 | D:5      | 2953 ||| FLEEEEING.
  2955 | D:5      | 2955 ||| FLEEEEING.
  2957 | D:5      | 2957 ||| FLEEEEING.
  2958 | D:5      | 2958 ||| FLEEEEING.
  2960 | D:5      | 2960 ||| FLEEEEING.
  2961 | D:5      | 2961 ||| FLEEEEING.
  2962 | D:5      | 2962 ||| FLEEEEING.
  2963 | D:5      | 2963 ||| STAIRDANCE
  3109 | D:5      | 3109 ||| Stepping ~*~*~tactically~*~*~ (outnumbered).
  3111 | D:5      | 3111 ||| Stepping ~*~*~tactically~*~*~ (retreating).
  3125 | D:5      | Reached skill level 8 in Ranged Weapons
  3125 | D:5      | Reached XP level 8. HP: 44/48 MP: 8/8
  3142 | D:5      | 3142 ||| Stepping ~*~*~tactically~*~*~ (retreating).
  3693 | D:5      | 3693 ||| UPGRADING to +2 leather armour of poison
                  | resistance.
  3703 | D:5      | 3703 ||| DROPPING +0 ring mail.
  3704 | D:5      | 3704 ||| DROPPING ring of see invisible.
  3705 | D:5      | 3705 ||| READING 2 scrolls labelled PEORAL XITWUIDUF.
  3706 | D:5      | 3706 ||| DRINKING 2 fizzy grey potions.
  3707 | D:5      | 3707 ||| DRINKING 2 ruby potions.
  3708 | D:5      | 3708 ||| READING 2 scrolls of identify.
  3708 | D:5      | 3708 ||| IDENTIFYING fuming inky potion
  3709 | D:5      | 3709 ||| DROPPING scroll of fog.
  3728 | D:6      | 3728 ||| PLANNING OSSUARY
  3743 | D:6      | Found a staircase to the Ecumenical Temple.
  3814 | D:6      | 3814 ||| Stepping ~*~*~tactically~*~*~ (outnumbered).
  3816 | D:6      | 3816 ||| Stepping ~*~*~tactically~*~*~ (outnumbered).
  3818 | D:6      | 3818 ||| Stepping ~*~*~tactically~*~*~ (outnumbered).
  3820 | D:6      | 3820 ||| Stepping ~*~*~tactically~*~*~ (outnumbered).
  3822 | D:6      | Reached skill level 9 in Ranged Weapons
  3918 | D:6      | Found a sand-covered staircase.
  3919 | D:6      | 3919 ||| DROPPING ring of fire.
  3920 | D:6      | 3920 ||| UPGRADING to +6 ring of dexterity.
  3922 | D:6      | 3922 ||| UPGRADING to +5 ring of evasion.
  3924 | D:6      | 3924 ||| DROPPING +4 ring of protection.
  3944 | D:6      | Reached skill level 3 in Dodging
  3953 | D:6      | Reached skill level 6 in Fighting
  3962 | D:6      | Reached XP level 9. HP: 44/55 MP: 9/9
  4000 | Ossuary  | Entered an ossuary
  4133 | Ossuary  | Reached skill level 10 in Ranged Weapons
  4238 | Ossuary  | 4238 ||| READING scroll labelled QASUOG JUUR.
  4239 | Ossuary  | 4239 ||| DRINKING 3 white potions.
  4240 | Ossuary  | 4240 ||| DRINKING 2 potions of curing.
  4240 | Ossuary  | 4240 ||| (to cure confusion)
  4241 | Ossuary  | 4241 ||| DRINKING 2 grey potions.
  4346 | Ossuary  | 4346 ||| DROPPING 2 potions of ambrosia.
  4347 | Ossuary  | 4347 ||| DROPPING potion of berserk rage.
  4353 | D:6      | 4353 ||| PLANNING TEMPLE
  4387 | Temple   | Entered the Ecumenical Temple
  4388 | Temple   | 4388 ||| PLANNING D:1-11
  4425 | D:6      | 4425 ||| RETREATING.
  4432 | D:6      | 4432 ||| Stepping ~*~*~tactically~*~*~ (retreating).
  4433 | D:6      | 4433 ||| Stepping ~*~*~tactically~*~*~ (retreating).
  4434 | D:6      | 4434 ||| Stepping ~*~*~tactically~*~*~ (retreating).
  4435 | D:6      | 4435 ||| Stepping ~*~*~tactically~*~*~ (retreating).
  4436 | D:6      | 4436 ||| Stepping ~*~*~tactically~*~*~ (retreating).
  4437 | D:6      | 4437 ||| Stepping ~*~*~tactically~*~*~ (retreating).
  4439 | D:6      | 4439 ||| Stepping ~*~*~tactically~*~*~ (retreating).
  4590 | D:6      | Found a radiant altar of Vehumet.
  4598 | D:6      | Found an iron altar of Okawaru.
  4598 | D:6      | Found an ornate altar of the Wu Jian Council.
  4599 | D:6      | 4599 ||| PLANNING OKAWARU WORSHIP
  4599 | D:6      | 4599 ||| READING 3 scrolls of identify.
  4599 | D:6      | 4599 ||| IDENTIFYING golden potion
  4600 | D:6      | 4600 ||| READING 2 scrolls of identify.
  4600 | D:6      | 4600 ||| IDENTIFYING fizzy ruby potion
  4601 | D:6      | 4601 ||| DROPPING potion of brilliance.
  4602 | D:6      | 4602 ||| DROPPING potion of lignification.
  4605 | D:6      | Found a shadowy altar of Dithmenos.
  4606 | D:6      | Found a white marble altar of Elyvilon.
  4607 | D:6      | Found a snail-covered altar of Cheibriados.
  4610 | D:6      | Became a worshipper of Warmaster Okawaru
  4611 | D:6      | 4611 ||| PLANNING D:1-11
  4756 | D:7      | 4756 ||| Stepping ~*~*~tactically~*~*~ (outnumbered).
  4757 | D:7      | 4757 ||| Stepping ~*~*~tactically~*~*~ (outnumbered).
  4758 | D:7      | 4758 ||| Stepping ~*~*~tactically~*~*~ (outnumbered).
  4760 | D:7      | 4760 ||| Stepping ~*~*~tactically~*~*~ (outnumbered).
  4764 | D:7      | 4764 ||| Stepping ~*~*~tactically~*~*~ (outnumbered).
  4770 | D:7      | 4770 ||| Stepping ~*~*~tactically~*~*~ (retreating).
  4771 | D:7      | 4771 ||| Stepping ~*~*~tactically~*~*~ (retreating).
  4877 | D:7      | 4877 ||| Stepping ~*~*~tactically~*~*~ (outnumbered).
  4879 | D:7      | 4879 ||| Stepping ~*~*~tactically~*~*~ (outnumbered).
  4884 | D:7      | 4884 ||| Stepping ~*~*~tactically~*~*~ (outnumbered).
  4910 | D:7      | Reached * piety under Okawaru
  4984 | D:7      | Reached skill level 1 in Invocations
  4991 | D:7      | Reached skill level 11 in Ranged Weapons
  5247 | D:7      | Reached XP level 10. HP: 63/63 MP: 11/11
  5449 | D:7      | Found an ancient bone altar of Kikubaaqudgha.
  5465 | D:7      | Reached skill level 3 in Invocations
  5734 | D:7      | 5734 ||| READING scroll of brand weapon.
  5734 | D:7      | 5734 ||| BRANDING +1 shortbow of freezing.
  5789 | D:7      | 5789 ||| DRINKING 2 coppery potions.
  5820 | D:8      | Found an opulent altar of Gozag.
  5824 | D:8      | 5824 ||| Stepping ~*~*~tactically~*~*~ (outnumbered).
  5826 | D:8      | 5826 ||| INVOKING Heroism.
  5830 | D:8      | 5830 ||| Stepping ~*~*~tactically~*~*~ (outnumbered).
  5840 | D:8      | 5840 ||| STAIRDANCE
  5848 | D:7      | 5848 ||| INVOKING Heroism.
  5921 | D:7      | 5921 ||| UPGRADING to +0 steam dragon scales.
  5931 | D:7      | 5931 ||| DROPPING +2 leather armour of poison resistance.
  5935 | D:8      | 5935 ||| INVOKING Heroism.
  5986 | D:8      | 5986 ||| SWAPPING to +0 orcbow.
  5987 | D:8      | 5987 ||| INVOKING Heroism.
  6013 | D:8      | 6013 ||| DROPPING +1 shortbow of draining.
  6074 | D:8      | Found a hazy altar of Hepliaklqana.
  6078 | D:8      | Found Kaisitil's Distillery.
  6090 | D:8      | 6090 ||| RETREATING.
  6098 | D:8      | 6098 ||| RETREATING.
  6119 | D:8      | 6119 ||| INVOKING Heroism.
  6130 | D:8      | Reached ** piety under Okawaru
  6209 | D:8      | 6209 ||| BUYING 2 potions of curing (90 gold).
  6209 | D:8      | Bought 2 potions of curing for 90 gold pieces
  6209 | D:8      | 6209 ||| BUYING potion of curing (45 gold).
  6209 | D:8      | Bought a potion of curing for 45 gold pieces
  6209 | D:8      | 6209 ||| BUYING potion of haste (150 gold).
  6209 | D:8      | Bought a potion of haste for 150 gold pieces
  6209 | D:8      | 6209 ||| BUYING potion of heal wounds (75 gold).
  6209 | D:8      | Bought a potion of heal wounds for 75 gold pieces
  6209 | D:8      | 6209 ||| SHOPLISTING potion of magic (120 gold, have 20).
  6209 | D:8      | 6209 ||| SHOPLISTING potion of mutation (120 gold, have
                  | 20).
  6316 | D:8      | 6316 ||| INVOKING Heroism.
  6352 | D:8      | 6352 ||| INVOKING Heroism.
  6511 | D:8      | Found a burning altar of Makhleb.
  6686 | D:8      | 6686 ||| READING 3 scrolls of identify.
  6686 | D:8      | 6686 ||| IDENTIFYING glowing pink potion
  6687 | D:8      | 6687 ||| DROPPING potion of attraction.
  6760 | D:9      | 6760 ||| Stepping ~*~*~tactically~*~*~ (outnumbered).
  6762 | D:9      | 6762 ||| Stepping ~*~*~tactically~*~*~ (outnumbered).
  6763 | D:9      | 6763 ||| FLEEEEING.
  6765 | D:9      | 6765 ||| FLEEEEING.
  6766 | D:9      | 6766 ||| STAIRDANCE
  6820 | D:9      | 6820 ||| Stepping ~*~*~tactically~*~*~ (outnumbered).
  6822 | D:9      | Reached skill level 12 in Ranged Weapons
  6824 | D:9      | 6824 ||| STAIRDANCE
  6849 | D:9      | 6849 ||| INVOKING Heroism.
  6852 | D:9      | Noticed Maurice
  6853 | D:9      | 6853 ||| RETREATING.
  6871 | D:9      | Killed Maurice
  6904 | D:9      | 6904 ||| INVOKING Heroism.
  6969 | D:9      | 6969 ||| Stepping ~*~*~tactically~*~*~ (outnumbered).
  6978 | D:9      | 6978 ||| INVOKING Heroism.
  7119 | D:9      | 7119 ||| RETREATING.
  7179 | D:9      | You fall into a shaft and drop 2 floors!
  7180 | D:11     | 7180 ||| PLANNING GAUNTLET
  7214 | D:11     | Noticed a two-headed ogre
  7215 | D:11     | 7215 ||| INVOKING Heroism.
  7226 | D:11     | Killed a two-headed ogre
  7227 | D:11     | Reached skill level 13 in Ranged Weapons
  7227 | D:11     | Reached XP level 11. HP: 49/68 MP: 12/14
  7449 | D:11     | Noticed a two-headed ogre
  7450 | D:11     | 7450 ||| INVOKING Heroism.
  7457 | D:11     | Killed a two-headed ogre
  7527 | D:11     | 7527 ||| Stepping ~*~*~tactically~*~*~ (outnumbered).
  7535 | D:11     | 7535 ||| Stepping ~*~*~tactically~*~*~ (outnumbered).
  7587 | D:11     | Found a gate leading to a gauntlet.
  7588 | D:11     | 7588 ||| DROPPING ring of magical power.
  7589 | D:11     | 7589 ||| READING 2 scrolls of identify.
  7589 | D:11     | 7589 ||| IDENTIFYING sapphire potion
  7590 | D:11     | 7590 ||| DROPPING potion of degeneration.
  7599 | Gauntlet | Entered a Gauntlet
  7599 | Gauntlet | Noticed a wretched star
  7599 | Gauntlet | Found a transporter.
  7602 | Gauntlet | Found a transporter.
  7615 | Gauntlet | Found a transporter.
  7619 | Gauntlet | Found a transporter.
  7638 | Gauntlet | Found a transporter.
  7648 | Gauntlet | Found a runed translucent door.
  7649 | Gauntlet | Noticed a white ugly thing
  7652 | Gauntlet | Found a transporter.
  7657 | Gauntlet | Noticed a great orb of eyes
  7659 | Gauntlet | Found a transporter.
  7660 | Gauntlet | Found a transporter.
  7690 | Gauntlet | Noticed a moth of wrath
  7692 | Gauntlet | Found a transporter.
  7709 | Gauntlet | Found a transporter.
  7713 | Gauntlet | Found a transporter.
  7718 | Gauntlet | Noticed a moth of wrath
  7721 | Gauntlet | Found a transporter.
  7721 | Gauntlet | Noticed a wolf spider
  7774 | Gauntlet | 7774 ||| INVOKING Heroism.
  7779 | Gauntlet | Reached skill level 9 in Fighting
  7872 | Gauntlet | 7872 ||| UPGRADING to +2 cloak of stealth.
  7882 | Gauntlet | 7882 ||| DROPPING +0 cloak.
  7897 | Gauntlet | 7897 ||| Stepping ~*~*~tactically~*~*~ (retreating).
  7898 | Gauntlet | 7898 ||| INVOKING Heroism.
  7900 | Gauntlet | 7900 ||| Stepping ~*~*~tactically~*~*~ (retreating).
  7901 | Gauntlet | HP: 4/71 [white ugly thing (34)]
  7902 | Gauntlet | 7902 ||| DRINKING 3 potions of heal wounds.
  7903 | Gauntlet | 7903 ||| DRINKING 2 potions of heal wounds.
  7911 | Gauntlet | 7911 ||| INVOKING Heroism.
  7917 | Gauntlet | HP: 10/71 [white ugly thing (17)]
  7918 | Gauntlet | 7918 ||| DRINKING potion of heal wounds.
  7920 | Gauntlet | Killed a white ugly thing
  7928 | Gauntlet | Paralysed by a great orb of eyes for 3 turns
  7932 | Gauntlet | Killed a great orb of eyes
  8065 | Gauntlet | Identified the staff "Amatzi" {rC+ SInv Ice}
  8066 | Gauntlet | 8066 ||| DROPPING ring of positive energy.
  8067 | Gauntlet | 8067 ||| READING scroll labelled NIPNIL BOMOUJA.
  8100 | Gauntlet | Noticed a minotaur
  8101 | Gauntlet | 8101 ||| INVOKING Heroism.
  8108 | Gauntlet | HP: 10/71 [minotaur/+3 great sword of flaming (30)]
  8109 | Gauntlet | Slain by a minotaur

Levels and vault maps discovered:
D:1:      psy_arrival_radial02, layout_basic, serial_shops,
          nicolae_lakefront_shop, minmay_close_crescents
D:2:      layout_rooms, chequers_jeans, nrook_uturn
D:3:      layout_rooms, mainiacjoe_overflow_boulevard,
          nicolae_qazlal_general_emergency, mainiacjoe_overflow_alcove_1,
          lightli_sewer_entry_pipes, kennysheep_boxes
D:4:      layout_cave_pools, serial_glass, glass_columns_b, glass_columns_b,
          due_unseen_surprise, feat_on_display, uniq_robin,
          uniq_crazy_yiuf_cottage
D:5:      layout_basic, uniq_prince_ribbit1
D:6:      layout_rooms, minitemple, temple_green, nicolae_ossuary_entry_monument
D:7:      layout_basic, kennysheep_mini
D:8:      layout_loops_ring, makhleb_grotto_becter, lemuel_crystal_altar,
          nicolae_gozag_seed_capital, serial_shops, shop, water_boxes_lemuel
D:9:      layout_loops_cross, erik_lair_island, uniq_maurice, uniq_pikel
D:11:     layout_irregular_city, gauntlet_entry_generic
Temple:   hellmonk_temple_forest_ring
Gauntlet: minmay_gauntlet_mixed_oops_all_seconds
          [minmay_gauntlet_arena_77_radiant_squares,
          gammafunk_gauntlet_arena_split_diamond,
          minmay_gauntlet_arena_77_two_paths, gammafunk_gauntlet_arena_chambers,
          minmay_gauntlet_arena_77_path, gammafunk_gauntlet_arena_spirals,
          gauntlet_exit_green]

Skill      XL: |  1  2  3  4  5  6  7  8  9 10 11 |
---------------+----------------------------------+-----
Armour         | 1 4 |  4.1
Ranged Weapons | 5 6 7 8 9 11 13 | 13.7
Fighting       | 3 4 6 7 8 9 |  9.0
Dodging        | 3 4 5 |  5.1
Invocations    | 2 4 |  4.1
Stealth        | |  1.1

Action                     |  1- 3 |  4- 6 |  7- 9 | 10-12 || total
---------------------------+-------+-------+-------+-------++-------
   Fire: Shortbow          |    80 |   233 |   465 |    59 ||   837
         Orcbow            |       |       |       |   256 ||   256
 Invoke: Heroism           |       |       |       |    16 ||    16
    Use: Scroll            |     4 |     4 |     6 |     4 ||    18
         Potion            |     1 |     1 |     6 |     4 ||    12
 Armour: Leather armour    |     4 |       |    87 |    11 ||   102
         Ring mail         |     8 |    75 |    46 |       ||   129
         Steam dragon scal |       |       |       |    55 ||    55
  Dodge: Dodged            |    12 |   139 |   197 |   104 ||   452
  Block: Other             |       |    33 |       |       ||    33
         Reflection        |       |     1 |       |       ||     1

Table legend:
 A = Non-vault XP
 B = Vault XP
 C = Vault XP percentage of total XP
 D = Non-vault monster count
 E = Vault monster count
 F = Vault count percentage of total count
                 A         B        C        D         E       F
            +---------+---------+-------+---------+---------+-------
      Total |    8021 |    4534 |  36.1 |     193 |      54 |  21.9
            +---------+---------+-------+---------+---------+-------
        D:1 |      18 |       9 |  33.3 |      12 |       5 |  29.4
        D:2 |      42 |       0 |   0.0 |      18 |       0 |   0.0
        D:3 |      82 |      80 |  49.4 |      27 |       7 |  20.6
        D:4 |     347 |      39 |  10.1 |      21 |      13 |  38.2
        D:5 |     804 |     291 |  26.6 |      25 |       1 |   3.8
        D:6 |    1049 |       0 |   0.0 |      22 |       0 |   0.0
        D:7 |    1690 |       0 |   0.0 |      32 |       0 |   0.0
        D:8 |    1608 |      50 |   3.0 |      15 |       1 |   6.2
        D:9 |     608 |    1198 |  66.3 |      15 |       7 |  31.8
       D:11 |    1773 |       0 |   0.0 |       6 |       0 |   0.0
    Ossuary |       0 |     760 | 100.0 |       0 |      15 | 100.0
   Gauntlet |       0 |    2107 | 100.0 |       0 |       5 | 100.0
            +---------+---------+-------+---------+---------+-------
